 Dungeon Crawl Stone Soup version 0.31-a0-361-g0f8bd3a31e (webtiles) character file.

Game seed: 6667725576538146669

5 MacCMillion the Ruffian (level 1, 15/16 HPs)
             Began as a Draconian Shapeshifter on July 27, 2023.
             Quit the game on level 1 of the Dungeon.
             The game lasted 00:00:18 (33 turns).

MacCMillion the Ruffian (Draconian Shapeshifter)      Turns: 33, Time: 00:00:19

Health: 15/16      AC:  4    Str: 17    XL:     1   Next: 66%
Magic:  1/1        EV: 12    Int:  8    God:
Gold:   0          SH:  0    Dex: 11    Spells: 0/0 levels left

rFire   . .          .
                       - Unarmed
rCold   . . .        (no shield)
rNeg    . . .        (body armour unavailable)
rPois   .            (helmet currently unavailable)
rElec   .            (cloak currently unavailable)
rCorr   .            (gloves currently unavailable)
SInv    .            (boots currently unavailable)
Will    .....        (no amulet)
Stlth   +            (no ring)
HPRegen 0.22/turn    (no ring)
MPRegen 0.07/turn

%: no passive effects
@: beast-form
A: beast (slay +2), AC +4, unfitting armour, cold-blooded
a: Begin Untransformation


You were on level 1 of the Dungeon.
You were a hulking beast.
You visited 1 branch of the dungeon, and saw 1 of its levels.

Inventory:

Talismans
 b - a beast talisman
Potions
 a - a potion of lignification


   Skills:
 + Level 1.4 Fighting
 - Level 1.7 Dodging
 * Level 3.2 Unarmed Combat
 - Level 3.0 Shapeshifting


You couldn't memorise any spells.
You didn't know any spells.
Your spell library was empty.

Dungeon Overview and Level Annotations

Branches:
Dungeon (1/15)

Altars:


Innate Abilities, Weirdness & Mutations

You are a hulking beast.
Your limbs bulge with bestial killing power. (Slay +2)
Your plain brown scales are hard. (AC +4)
You cannot fit into any form of body armour.
You are cold-blooded and may be slowed by cold attacks.


Message History

You hit the hobgoblin.
The hobgoblin is moderately wounded.
The hobgoblin hits you.
You hit the hobgoblin.
You kill the hobgoblin!
You hit the giant cockroach but do no damage.
The giant cockroach barely misses you.
You closely miss the giant cockroach.
The giant cockroach bites you but does no damage.
You hit the giant cockroach but do no damage.
The giant cockroach bites you but does no damage.
You closely miss the giant cockroach. The hobgoblin barely misses you.
The giant cockroach closely misses you.
You hit the giant cockroach.
The giant cockroach is severely wounded.
The giant cockroach misses you.
A goblin comes into view. It is wielding a +0 dagger.
The hobgoblin barely misses you.
The goblin shouts!
You hit the giant cockroach.
You kill the giant cockroach!
The hobgoblin hits you but does no damage.
You barely miss the hobgoblin. The hobgoblin completely misses you.
You hit the hobgoblin but do no damage. The hobgoblin closely misses you.
You hit the hobgoblin but do no damage. The hobgoblin barely misses you.
You barely miss the hobgoblin. The hobgoblin barely misses you.
You barely miss the hobgoblin. The hobgoblin closely misses you.
You hit the hobgoblin.
The hobgoblin is severely wounded.
The hobgoblin completely misses you.
You hit the hobgoblin but do no damage.
The hobgoblin is severely wounded.
You hit the hobgoblin.
You kill the hobgoblin!
The goblin hits you but does no damage.
You barely miss the goblin. The goblin hits you with a +0 dagger.
You closely miss the goblin. You tail-slap the goblin.
You kill the goblin!
No target in view!
Are you sure you want to abandon this character and quit the game? (Confirm with "yes".)

... #####... ###
#.....# #..
#.....#
#..###.....# ###
#..........#
#...#....).†...#
#.B...#..h.....#
#.......#......###
#####...[.......
####........#.
#.............
#.##.#'#....## #.
####.####.[#
##..#.#..##.#
#.#.#[#.#.#


There were no monsters in sight!

Vanquished Creatures
  A giant cockroach (D:1)
  A goblin (D:1)
  2 hobgoblins (D:1)
4 creatures vanquished.

Notes
Turn   | Place    | Note
-------+----------+-------------------------------------------
     0 | D:1      | MacCMillion the Draconian Shapeshifter began the quest for
                  | the Orb.
     0 | D:1      | Reached XP level 1. HP: 16/16 MP: 1/1
    33 | D:1      | Quit the game

Illustrated notes

Levels and vault maps discovered:
D:1:      nzn_arrival_crosshair, layout_rooms, basic_ecumenical_altar

Action                     || total
---------------------------++-------
  Melee: Unarmed           ||    18
         Tailslap          ||     1
 Armour: Skin              ||     4
  Dodge: Dodged            ||    11

Table legend: (Time is in decaauts)
 A = Elapsed time spent in this place.
 B = Non-inter-level travel time spent in this place.
 C = Inter-level travel time spent in this place.
 D = Time resting spent in this place.
 E = Time spent auto-exploring this place.
 F = Levels seen in this place.
 G = Mean time per level.
                   A        B        C        D        E       F      G
               +--------+--------+--------+--------+--------+-----+--------+
         Total |     31 |     31 |      0 |      0 |      8 |   1 |   31.0 |
       Dungeon |     31 |     31 |      0 |      0 |      8 |   1 |   31.0 |
               +--------+--------+--------+--------+--------+-----+--------+

Top non-repeatable levels by time:
     D:1: 31 daAuts
